 Dungeon Crawl Stone Soup version 0.31-a0-859-g9dce7d3444 (webtiles) character file.

Game seed: 14481931784321684732

33258 DocEon the Severer (level 13, -11/125 HPs)
             Began as a Minotaur Berserker on Oct 9, 2023.
             Was a High Priest of Trog.
             Mangled by a catoblepas (27 damage)
             ... on level 14 of the Dungeon.
             The game lasted 00:10:12 (13793 turns).

DocEon the Severer (Minotaur Berserker)            Turns: 13793, Time: 00:10:13

Health: -11/125    AC: 12    Str: 29    XL:     13   Next: 35%
Magic:  4/4        EV: 16    Int:  4    God:    Trog [*****.]
Gold:   625        SH: 22    Dex: 17    Spells: 12/12 levels left

rFire   . . .        O - +10 broad axe of Trog's Esteem {antimagic, Dex+5}
rCold   . . .        c - +3 kite shield {reflect}
rNeg    . . .        j - +3 ring mail {rPois}
rPois   +            (helmet restricted)
rElec   .            (no cloak)
rCorr   .            (no gloves)
SInv    .            (no boots)
Will    .....        Q - amulet of reflection
Stlth   +            H - ring "Erghuojos" {EV+5 Str+4}
HPRegen 0.40/turn    e - +4 ring of protection
MPRegen 0.09/turn

%: reflection
@: no status effects
A: horns 2, retaliatory headbutt
a: Renounce Religion, Berserk, Trog's Hand, Brothers in Arms


You were on level 14 of the Dungeon.
You worshipped Trog.
Trog was extremely pleased with you.
You visited 1 branch of the dungeon, and saw 14 of its levels.
You also visited: Ossuary.

You collected 1000 gold pieces.
You spent 375 gold pieces at shops.

Inventory:

Hand Weapons
 m - a +1 vampiric war axe
 p - the +10 mace "Fiog Segg" {heavy, Will+ rCorr Str-3 Dex+3}
   (You found it on level 5 of the Dungeon)

   Str-3:     It affects your strength (-3).
   Dex+3:     It affects your dexterity (+3).
   Will+:     It increases your willpower.
   rCorr:     It protects you from acid and corrosion.
 O - the +10 broad axe of Trog's Esteem (weapon) {antimagic, Dex+5}
   (Trog gifted it to you on level 11 of the Dungeon)

   Dex+5:     It affects your dexterity (+5).
 U - a +0 broad axe
Missiles
 G - 3 throwing nets
Armour
 c - a +3 kite shield of reflection (worn)
 j - a +3 ring mail of poison resistance (worn)
Jewellery
 d - a ring of see invisible
 e - a +4 ring of protection (right hand)
 y - a ring of fire
 H - the ring "Erghuojos" (left hand) {EV+5 Str+4}
   (You found it on level 8 of the Dungeon)

   [ring of evasion]

   EV+5:      It affects your evasion (+5).
   Str+4:     It affects your strength (+4).
 M - a +6 ring of intelligence
 Q - an amulet of reflection (around neck)
 T - a ring of poison resistance
Wands
 k - a wand of digging (10)
 l - a wand of roots (19)
 n - a wand of flame (12)
 o - a wand of charming (13)
 u - a wand of mindburst (9)
 x - a wand of polymorph (5)
 J - a wand of light (7)
Scrolls
 b - 6 scrolls of identify
 g - 5 scrolls of teleportation
 r - 3 scrolls of noise
 s - a scroll of silence
 t - 2 scrolls of fear
 A - 2 scrolls of butterflies
 C - 4 scrolls of blinking
 E - a scroll of enchant armour
 K - a scroll of immolation
 L - a scroll of enchant weapon
 R - a scroll of fog
 S - a scroll of vulnerability
Potions
 a - 2 potions of attraction
 f - 4 potions of enlightenment
 h - 5 potions of lignification
 i - 9 potions of heal wounds
 q - 3 potions of curing
 v - 2 potions of resistance
 w - 3 potions of mutation
 z - 2 potions of magic
 B - a potion of cancellation
 D - 6 potions of haste
 F - a potion of ambrosia
 N - 2 potions of brilliance
 P - 2 potions of might


   Skills:
 + Level 14.8 Fighting
 - Level 18.0 Axes
 - Level 2.4 Armour
 - Level 2.1 Dodging
 - Level 15.0 Shields


You had 12 spell levels left.
You didn't know any spells.
Your spell library was empty.

Dungeon Overview and Level Annotations

Branches:
Dungeon (14/15)            Temple (0/1) D:6            Lair (0/5) D:9
    Orc (0/2) D:9          Vaults (0/5) D:13        Ossuary (visited)

Altars:
Ashenzari
Fedhas
Gozag
Kikubaaqudgha
Sif Muna
Vehumet
Yredelemnul
The Shining One

Shops:
D:1 !!?(   D:9 *


Innate Abilities, Weirdness & Mutations

You have a pair of horns on your head.
You reflexively headbutt those who attack you in melee.


Message History

Your transformation is almost over.
The catoblepas rams the ground with its head heavily.
The catoblepas breathes a plume of calcifying dust at you.
The blast of calcifying dust hits you but does no damage.
The catoblepas breathes a plume of calcifying dust at you.
The blast of calcifying dust hits you.
The efreet is engulfed in calcifying dust.
The efreet is moving more slowly.
The catoblepas breathes a plume of calcifying dust at you.
The blast of calcifying dust hits you but does no damage.
You condense into your normal self.
The +10 broad axe of Trog's Esteem {antimagic, Dex+5} unmelds from your body.
Your +3 kite shield of reflection unmelds from your body.
Your +3 ring mail of poison resistance unmelds from your body.
The ring "Erghuojos" {EV+5 Str+4} unmelds from your body.
Your +4 ring of protection unmelds from your body.
Your amulet of reflection unmelds from your body.
You feel magic leave you.
You feel resistant to poison.
You feel a shielding aura gather around you.
The efreet stops moving altogether!
The catoblepas breathes a plume of calcifying dust at you.
The blast of calcifying dust hits you.
You don't know any spells.
Your skin crawls.
You feel strong-willed.
You start resting.
You feel the effects of Trog's Hand fading.
A catoblepas is nearby!
The catoblepas breathes a plume of calcifying dust at you.
The blast of calcifying dust hits you.
The catoblepas breathes a plume of calcifying dust at you.
The blast of calcifying dust hits you!
Your skin stops crawling.
You feel less strong-willed. The catoblepas gores you!!
* * * LOW HITPOINT WARNING * * *
You slice the catoblepas!!
You headbutt the catoblepas, but do no damage.
The catoblepas is heavily wounded.
The catoblepas gores you!!
You die...

#.....# ########.#
#...... ..........######
................§......#
........§......#
........§......#
......§.§.######
.......§§.# ........§.#
.......@..# ........Y(#
..#+#####.# #.# #.# #.#
.#####+#.#
.........######
..............#


You could see a catoblepas.

Vanquished Creatures
  A tengu reaver (D:13)
  A stone giant (D:11)
  The ghost of Gawasace the Cleaver, a journeyman FoFi of Wu Jian (D:13)
  Azrael (D:12)
  The ghost of Pokonic1 the Covert, a journeyman TrBe of Trog (D:10)
  4 centaur warriors (D:13)
  7 two-headed ogres
  Nergalle (D:10)
  Pikel (D:6)
  3 necromancers (D:13)
  2 deep elf pyromancers (D:13)
  4 cyclopes
  An ugly thing (D:12)
  Joseph (D:10)
  2 unseen horrors
  Jeremiah (D:6)
  A komodo dragon (D:13)
  A freezing wraith (D:14)
  6 trolls
  A polar bear (shapeshifter) (D:13)
  2 hornets
  5 slime creatures (D:13)
  2 vampires
  4 shadows
  A centaur simulacrum (D:13)
  A wyvern (D:9)
  19 yaks
  A wraith (D:13)
  A basilisk (D:13)
  3 fire elementals (D:12)
  Grum (D:8)
  5 vampire mosquitoes
  2 acid dragons
  A water moccasin (D:6)
  Duvessa (D:5)
  3 hell hounds (D:12)
  3 orc warriors
  2 ice beasts
  2 sky beasts
  3 black bears
  5 ogres
  4 wolves (D:8)
  19 centaurs
  A phantom (D:6)
  A lemure (D:6)
  7 bullfrogs
  7 kobold brigands
  3 scorpions
  7 gnoll sergeants
  4 water moccasin zombies (Ossuary)
  10 wights (D:7)
  Dowan (D:5)
  9 killer bees
  6 howler monkeys
  3 bullfrog zombies (Ossuary)
  3 centaur zombies (Ossuary)
  4 hounds
  5 jellies
  An orc priest (D:6)
  A sleepcap (D:4)
  2 iguanas
  9 mummies (Ossuary)
  Natasha (thrice) (D:3)
  Terence (D:2)
  8 orc wizards
  2 killer bee zombies (Ossuary)
  4 howler monkey zombies (Ossuary)
  16 gnolls
  3 adders
  A shadow imp (D:6)
  A white imp (D:5)
  An ufetubus (D:5)
  A worm (D:3)
  3 dart slugs
  33 orcs
  7 ball pythons
  9 endoplasms
  5 giant cockroaches
  6 goblins
  3 hobgoblins
  3 jackals (D:1)
  7 kobolds
  A quokka (D:4)
  4 bats
  7 rats
344 creatures vanquished.

Notes
Turn   | Place    | Note
-------+----------+-------------------------------------------
     0 | D:1      | DocEon the Minotaur Berserker began the quest for the Orb.
     0 | D:1      | Reached XP level 1. HP: 19/19 MP: 0/0
    30 | D:1      | Found Copripn's Weapon Shop.
   106 | D:1      | Reached skill level 4 in Axes
   174 | D:1      | Reached XP level 2. HP: 26/26 MP: 1/1
   233 | D:1      | Found Pieraemuwk's Magic Scroll Emporium.
   493 | D:1      | Found Xozxiex's Distillery.
   522 | D:1      | Reached skill level 5 in Axes
   522 | D:1      | Reached XP level 3. HP: 31/31 MP: 2/2
   712 | D:1      | Found Pugeudig's Distillery.
   716 | D:1      | Reached ** piety under Trog
   892 | D:2      | Noticed Terence
   895 | D:2      | Killed Terence
   953 | D:2      | Reached skill level 6 in Axes
   953 | D:2      | Reached XP level 4. HP: 36/39 MP: 3/3
  1438 | D:2      | Identified a scroll of acquirement
  1438 | D:2      | Acquired a +2 kite shield of reflection
  1639 | D:3      | Found a radiant altar of Vehumet.
  1645 | D:3      | Reached skill level 7 in Axes
  1645 | D:3      | Reached XP level 5. HP: 33/45 MP: 4/4
  1743 | D:3      | Noticed Natasha
  1752 | D:3      | Killed Natasha
  1829 | D:3      | Noticed Natasha
  1837 | D:3      | Killed Natasha
  1910 | D:3      | Found a faded altar of an unknown god.
  1984 | D:3      | Noticed Natasha
  1995 | D:3      | Killed Natasha
  1996 | D:3      | Reached skill level 8 in Axes
  2119 | D:3      | Found a basalt altar of Yredelemnul.
  2393 | D:4      | Reached XP level 6. HP: 48/51 MP: 5/5
  2857 | D:5      | Entered Level 5 of the Dungeon
  2864 | D:5      | Reached skill level 9 in Axes
  2924 | D:5      | Reached *** piety under Trog
  2947 | D:5      | Noticed an ice beast
  2953 | D:5      | Killed an ice beast
  2954 | D:5      | Reached XP level 7. HP: 57/57 MP: 6/6
  3069 | D:5      | Identified the +10 mace "Fiog Segg" {heavy, Will+ rCorr
                  | Str-3 Dex+3}
  3082 | D:5      | Reached skill level 10 in Axes
  3260 | D:5      | Noticed Duvessa
  3261 | D:5      | Noticed Dowan
  3266 | D:5      | Killed Duvessa
  3271 | D:5      | Killed Dowan
  3429 | D:5      | Reached skill level 11 in Axes
  3617 | D:5      | Identified the +5 dagger of the Thirsty Knives {pain,
                  | *Corrode rF+ rN+ Int+2}
  3696 | D:5      | Reached XP level 8. HP: 61/64 MP: 7/7
  3700 | D:5      | Reached skill level 12 in Axes
  3753 | D:6      | Noticed Jeremiah
  3760 | D:6      | Killed Jeremiah
  3897 | D:6      | Noticed Pikel
  3904 | D:6      | Killed Pikel
  3905 | D:6      | Reached skill level 14 in Axes
  3965 | D:6      | Reached XP level 9. HP: 68/70 MP: 8/8
  4202 | D:6      | Reached skill level 15 in Axes
  4808 | D:6      | Found a staircase to the Ecumenical Temple.
  5281 | D:7      | Reached **** piety under Trog
  5408 | D:7      | Reached skill level 16 in Axes
  5411 | D:7      | Reached skill level 1 in Shields
  6613 | D:8      | Reached skill level 5 in Fighting
  6637 | D:8      | Reached XP level 10. HP: 63/81 MP: 9/9
  6640 | D:8      | Reached skill level 5 in Shields
  6641 | D:8      | Found a sand-covered staircase.
  6689 | Ossuary  | Entered an ossuary
  6982 | Ossuary  | Reached ***** piety under Trog
  7110 | D:8      | Noticed Grum
  7131 | D:8      | Killed Grum
  7270 | D:8      | Noticed a two-headed ogre
  7278 | D:8      | Killed a two-headed ogre
  7428 | D:8      | Identified the ring "Erghuojos" {EV+5 Str+4}
  7514 | D:8      | Found a blossoming altar of Fedhas.
  8075 | D:9      | Reached skill level 10 in Shields
  8089 | D:9      | Reached XP level 11. HP: 93/94 MP: 10/10
  8092 | D:9      | Found a staircase to the Orcish Mines.
  8296 | D:9      | Found a staircase to the Lair.
  8432 | D:9      | Found a broken altar of Ashenzari.
  8454 | D:9      | Found Jainusch's General Store.
  8771 | D:1      | Bought a scroll of blinking for 105 gold pieces
  8771 | D:1      | Bought a scroll of blinking for 105 gold pieces
  8833 | D:1      | Bought a potion of heal wounds for 55 gold pieces
  8833 | D:1      | Bought a potion of heal wounds for 55 gold pieces
  8833 | D:1      | Bought a potion of heal wounds for 55 gold pieces
  9293 | D:10     | Entered Level 10 of the Dungeon
  9376 | D:10     | Noticed Joseph
  9383 | D:10     | Killed Joseph
  9499 | D:10     | Found a large runed translucent door.
  9499 | D:10     | Found a large runed translucent door.
  9585 | D:10     | Noticed Nergalle
  9597 | D:10     | Killed Nergalle
 10013 | D:10     | Noticed a two-headed ogre
 10024 | D:10     | Found a runed translucent door.
 10027 | D:10     | Noticed Pokonic1's ghost (journeyman TrBe)
 10127 | D:10     | Killed Pokonic1's ghost
 10128 | D:10     | Reached skill level 10 in Fighting
 10215 | D:10     | Killed a two-headed ogre
 10237 | D:10     | Found an ancient bone altar of Kikubaaqudgha.
 10240 | D:10     | Found a shimmering blue altar of Sif Muna.
 10585 | D:11     | Reached XP level 12. HP: 98/108 MP: 11/11
 10688 | D:11     | Identified the +7 glaive of Autumn {flame, rN+}
 10701 | D:11     | Noticed a stone giant
 10707 | D:11     | Killed a stone giant
 10888 | D:11     | Noticed a two-headed ogre
 10889 | D:11     | Noticed a two-headed ogre
 10894 | D:11     | Killed a two-headed ogre
 10897 | D:11     | Killed a two-headed ogre
 11252 | D:11     | Noticed a two-headed ogre
 11258 | D:11     | Killed a two-headed ogre
 11258 | D:11     | Identified the +10 broad axe of Trog's Esteem {antimagic,
                  | Dex+5} (Trog gifted it to you on level 11 of the Dungeon)
 11258 | D:11     | Received a gift from Trog
 11415 | D:12     | Found a glowing golden altar of the Shining One.
 11613 | D:12     | Reached skill level 15 in Shields
 11634 | D:12     | Noticed Azrael
 11645 | D:12     | Killed Azrael
 12450 | D:13     | Noticed a centaur warrior
 12456 | D:13     | Killed a centaur warrior
 12486 | D:13     | Noticed a centaur warrior
 12495 | D:13     | Killed a centaur warrior
 12545 | D:13     | Found a runed translucent gate.
 12545 | D:13     | Found a runed translucent gate.
 12545 | D:13     | Found a runed translucent gate.
 12547 | D:13     | Found an opulent altar of Gozag.
 12549 | D:13     | Noticed a tengu reaver
 12549 | D:13     | Noticed Gawasace's ghost (journeyman FoFi)
 12739 | D:13     | Reached skill level 17 in Axes
 12901 | D:13     | Noticed a two-headed ogre
 12907 | D:13     | Killed a two-headed ogre
 12913 | D:13     | Noticed a two-headed ogre
 12919 | D:13     | Killed a two-headed ogre
 12920 | D:13     | Reached XP level 13. HP: 104/122 MP: 4/12
 13031 | D:13     | Found a gate to the Vaults.
 13320 | D:13     | Killed a tengu reaver
 13321 | D:13     | Reached skill level 18 in Axes
 13335 | D:13     | Killed Gawasace's ghost
 13793 | D:14     | Mangled by a catoblepas

Illustrated notes

Levels and vault maps discovered:
D:1:      dpeg_arrival_another_circle, layout_loops_ring, serial_shops,
          nicolae_shop_bloodbath_and_beyond, nicolae_shop_behind_doors,
          nicolae_shop_tiny_glass, shop, minmay_misc_feat_pillars
D:2:      layout_loops_ring, ebering_dispersal_statue_hall, uniq_terence
D:3:      layout_rooms, nicolae_vehumet_altar_sigil, lemuel_doored_altar,
          shapermc_ecumenical_altar_petra, uniq_natasha
D:4:      layout_gridville, solitary_fountain
D:5:      layout_basic, uniq_duvessa
D:6:      layout_loops_cross, minmay_temple_entry_fiery,
          serial_co_window_serial, co_window_of_opportunity_a,
          co_window_corner_a, co_window_paths_b, co_window_paths_b,
          co_window_cross_1, co_window_corner_a, co_window_paths_b,
          co_window_corner_a, co_window_paths_b, co_window_corner_b,
          co_window_2corner, co_window_broadway_b, glass_columns_c,
          glass_columns_b, glass_columns_b, lemuel_flamethrower_2, uniq_pikel,
          uniq_jeremiah
D:7:      layout_layer_cave
D:8:      layout_basic, mainiacjoe_overflow_alcove_2, enter_ossuary_5, uniq_grum
D:9:      layout_loops_ring, mainiacjoe_overflow_boulevard, lair_entry_dummy,
          kennysheep_orc_monster_closet_entryway, serial_shops,
          nicolae_shop_crystal, minmay_between
D:10:     layout_loops_ring, jmf_multi_god_temple2,
          ebering_ghost_reflecting_pool, uniq_joseph, uniq_nergalle
D:11:     layout_cave_pods, minmay_three_doors
D:12:     layout_loops_corners, nicolae_tso_carved_into_rock, uniq_azrael
D:13:     layout_long_grid, david_vaults_1, ebering_ghost_gozag
D:14:     layout_irregular_city

Skill      XL: |  1  2  3  4  5  6  7  8  9 10 11 12 13 |
---------------+----------------------------------------+-----
Axes           | 4 5 6 7 8 9 11 14 16 17 18 | 18.0
Shields        | 4 10 13 15 | 15.0
Fighting       | 5 8 10 13 14 | 14.8
Armour         | |  2.4
Dodging        | |  2.1

Action                     |  1- 3 |  4- 6 |  7- 9 | 10-12 | 13-15 || total
---------------------------+-------+-------+-------+-------+-------++-------
  Melee: Hand axe          |    56 |    44 |       |       |       ||   100
         Headbutt          |    10 |    18 |    26 |    83 |    10 ||   147
         War axe           |       |    81 |    18 |       |       ||    99
         Mace              |       |       |   140 |   322 |       ||   462
         Broad axe         |       |       |       |    95 |    52 ||   147
         Unarmed           |       |       |       |       |    17 ||    17
 Invoke: Berserk           |     1 |     3 |     1 |     4 |     1 ||    10
         Trog's Hand       |       |       |       |     2 |     1 ||     3
    Use: Scroll            |       |    10 |     6 |     3 |    11 ||    30
   Stab: Held in net/web   |       |       |       |     1 |       ||     1
 Armour: Animal skin       |    20 |       |       |       |       ||    20
         Ring mail         |     2 |    76 |    93 |   207 |    26 ||   404
         Skin              |       |       |       |       |     8 ||     8
  Dodge: Dodged            |    46 |    42 |    73 |   187 |    23 ||   371
  Block: Kite shield       |       |    40 |    93 |   382 |    54 ||   569
         Reflection        |       |     1 |     2 |    23 |    11 ||    37

Table legend: (Time is in decaauts)
 A = Elapsed time spent in this place.
 B = Non-inter-level travel time spent in this place.
 C = Inter-level travel time spent in this place.
 D = Time resting spent in this place.
 E = Time spent auto-exploring this place.
 F = Levels seen in this place.
 G = Mean time per level.
                   A        B        C        D        E       F      G
               +--------+--------+--------+--------+--------+-----+--------+
         Total |  14113 |  13204 |    909 |   1487 |   9610 |  15 |  940.9 |
       Dungeon |  13701 |  12792 |    909 |   1487 |   9358 |  14 |  978.6 |
       Ossuary |    412 |    412 |      0 |      0 |    252 |   1 |  412.0 |
               +--------+--------+--------+--------+--------+-----+--------+

Top non-repeatable levels by time:
     D:6: 1593 daAuts
     D:7: 1396 daAuts
    D:11: 1138 daAuts
    D:13: 1124 daAuts
     D:9: 1064 daAuts
    D:12: 1050 daAuts
     D:8: 1025 daAuts
    D:10: 1019 daAuts
     D:5: 970 daAuts
     D:1: 937 daAuts
     D:3: 819 daAuts
     D:2: 683 daAuts
     D:4: 674 daAuts
 Ossuary: 412 daAuts
    D:14: 201 daAuts
